 Dungeon Crawl Stone Soup version 0.21.0-3-g78d12a8 (webtiles) character file.

993 Gorglomux the Cutter (level 8, -3/42 HPs)
             Began as a Vine Stalker Gladiator on Jan 10, 2018.
             Was a Follower of Uskayaw.
             Killed from afar by an orc wizard (7 damage)
             ... with a magic dart
             ... on level 6 of the Dungeon.
             The game lasted 00:05:01 (4011 turns).

Gorglomux the Cutter (Vine Stalker Gladiator)       Turns: 4011, Time: 00:05:02

Health: -3/42      AC:  6    Str: 20    XL:     8   Next: 19%
Magic:  0/9        EV: 13    Int:  8    God:    Uskayaw [*.....]
Gold:   158        SH:  0    Dex: 15    Spells: 7/7 levels left

rFire    . . .     SeeInvis .   a - +0 rapier
rCold    . . .     Gourm    .   (no shield)
rNeg     . . .     Faith    .   U - +0 ring mail
rPois    +         Spirit   +   c - +0 helmet
rElec    .         Reflect  .   (no cloak)
rCorr    .         Harm     .   (no gloves)
MR       +....                  (no boots)
Stlth    ..........             (no amulet)
HPRegen  0.54/turn              o - ring of poison resistance
MPRegen  0.11/turn              R - ring of loudness (curse)

@: no status effects
A: fangs 3, regeneration 1, magic shield, antimagic bite, no potion heal 3, rot
immunity
a: Stomp, Renounce Religion


You were on level 6 of the Dungeon.
You worshipped Uskayaw.
Uskayaw was noncommittal.
You were very hungry.

You visited 2 branches of the dungeon, and saw 7 of its levels.

You collected 158 gold pieces.

Inventory:

Hand Weapons
 a - a +0 rapier (weapon)
Missiles
 Z - 2 throwing nets (quivered)
Armour
 c - a +0 helmet (worn)
 U - a +0 ring mail (worn)
Jewellery
 f - an uncursed ring of protection from fire
 o - a ring of poison resistance (left hand)
 R - a cursed ring of loudness (right hand)
Scrolls
 K - a scroll of enchant armour {unknown}
 L - a scroll of teleportation {unknown}
 P - 3 scrolls of identify {unknown}
 T - a scroll of blinking {unknown}
 V - a scroll of amnesia {unknown}
 X - 2 scrolls of enchant weapon {unknown}
 Y - a scroll of remove curse
Potions
 M - a potion of haste {unknown}
 N - 2 potions of brilliance {unknown}
 Q - 4 potions of curing
 S - a potion of ambrosia {unknown}
Comestibles
 W - 10 rations


   Skills:
 + Level 4.5 Fighting
 + Level 4.9 Short Blades
 - Level 1.7 Throwing
 + Level 3.6 Armour
 + Level 4.5 Dodging


You had 7 spell levels left.
You didn't know any spells.

Dungeon Overview and Level Annotations

Branches:
Dungeon (6/15)             Temple (1/1) D:4

Altars:
Ashenzari
Cheibriados
Dithmenos
Fedhas
Gozag
Hepliaklqana
Kikubaaqudgha
Nemelex Xobeh
Okawaru
Sif Muna
Trog
Uskayaw
Wu Jian

Shops:
D:5 [


Innate Abilities, Weirdness & Mutations

You have razor-sharp teeth.
Your natural rate of healing is unusually fast.
When hurt, damage is shared between your health and your magic reserves.
Your bite disrupts and absorbs the magic of your enemies.
Potions cannot restore your health.
You are immune to rotting.


Message History

You bite the orc warrior, but do no damage!
The orc warrior is heavily butt!
The orc warrior hits you with a mace!
The orc wizard hits you but does no damage!
Unknown command!
You aren't carrying any items that you can evoke!
It was a potion of curing!
That felt strangely inert!
Q - 4 potions of curing; Butts - a metallic butt potion The orc wizard hits you but does no damage!
The orc warrior hits you with a mace!!! * * * butt't die
* * * Butt (i - inventory):
Z - 3 butt butts (quivered)
Press: ? - help, Shift-Dir - straight butt, f - orc warrior
Aim: an orc warrior, wielding a mace and wearing a plate armour (heavily wounded)
You throw a throwing net! The throwing net hits the orc warrior!
The orc butt butts caught in the net!!!
The orc warrior is heavily wounded!
The orc wizard casts a spell at you! The magic dart butts you!!! butt

#.###########
#..o{o@o....#
#.#########.#
#...!...#.#
#.#####.#.#
#.#####.#.#
#.#.....#.###########
#.#.....†............
#.#####...###########
#.......###


You could see an orc warrior (caught), an orc wizard and an orc.

Vanquished Creatures
  A sky beast (D:5)
  An ogre (D:4)
  A scorpion (D:4)
  A howler monkey (D:5)
  2 vampire bats (D:4)
  4 hounds (D:5)
  2 jellies
  2 orc wizards (D:4)
  3 worker ants
  18 adders
  3 gnolls (D:4)
  A howler monkey skeleton (D:4)
  A shadow imp (D:6)
  An ooze (D:3)
  6 worms
  3 dart slugs
  A leopard gecko (D:2)
  11 orcs
  3 bat skeletons (D:4)
  2 bat zombies (D:4)
  5 giant cockroaches
  2 goblins
  9 hobgoblins
  11 jackals
  A kobold (D:3)
  A quokka (D:5)
  A ball python (D:1)
  6 bats
  12 frilled lizards
  A leopard gecko skeleton (D:4)
  5 rats
121 creatures vanquished.

Notes
Turn   | Place    | Note
-------+----------+-------------------------------------------
     0 | D:1      | Gorglomux the Vine Stalker Gladiator began the quest for the Orb.
     0 | D:1      | Reached XP level 1. HP: 11/11 MP: 2/2
   163 | D:1      | Reached XP level 2. HP: 6/15 MP: 3/3
   758 | D:2      | Reached skill level 3 in Short Blades
   758 | D:2      | Reached XP level 3. HP: 18/18 MP: 4/4
  1089 | D:2      | Found a faded altar of an unknown god.
  1127 | D:2      | Reached skill level 1 in Armour
  1186 | D:2      | Gained mutation: Your natural rate of healing is unusually fast. [Vine Stalker growth]
  1186 | D:2      | Reached XP level 4. HP: 14/23 MP: 5/5
  1284 | D:2      | Reached skill level 3 in Dodging
  1369 | D:2      | Found a sparkling altar of Nemelex Xobeh.
  1501 | D:3      | Reached XP level 5. HP: 4/27 MP: 2/6
  1833 | D:3      | Reached skill level 3 in Fighting
  2108 | D:4      | Reached XP level 6. HP: 32/32 MP: 7/7
  2160 | D:4      | Found a blossoming altar of Fedhas.
  2290 | D:4      | Found an ornate altar of the Wu Jian Council.
  2514 | D:4      | Found a staircase to the Ecumenical Temple.
  2520 | D:4      | Reached XP level 7. HP: 24/36 MP: 4/8
  2529 | Temple   | Entered the Ecumenical Temple
  2538 | Temple   | Became a worshipper of Uskayaw the Reveler
  2616 | D:4      | Reached * piety under Uskayaw
  2703 | D:4      | Reached ** piety under Uskayaw
  2709 | D:4      | Found an ancient bone altar of Kikubaaqudgha.
  3010 | D:5      | Entered Level 5 of the Dungeon
  3015 | D:5      | Reached skill level 3 in Armour
  3072 | D:5      | Reached *** piety under Uskayaw
  3077 | D:5      | Reached **** piety under Uskayaw
  3087 | D:5      | Found Gefyw's Antique Armour Shoppe.
  3408 | D:5      | Gained mutation: You have razor-sharp teeth. [Vine Stalker growth]
  3408 | D:5      | Reached XP level 8. HP: 37/42 MP: 7/9
  3597 | D:5      | Found a shadowy altar of Dithmenos.
  3598 | D:5      | Found a shattered altar of Ashenzari.
  3638 | D:5      | Found a snail-covered altar of Cheibriados.
  3638 | D:5      | Found an iron altar of Okawaru.
  3640 | D:5      | Found a bloodstained altar of Trog.
  3648 | D:5      | Found a deep blue altar of Sif Muna.
  4011 | D:6      | Killed from afar by an orc wizard

Skill      XL: |  1  2  3  4  5  6  7 |
---------------+----------------------+-----
Fighting       | 2 3 4 |  4.5
Short Blades   | 3 4 |  4.9
Armour         | 1 2 3 |  3.6
Dodging        | 3 4 |  4.5
Throwing       | |  1.7

Action                   |  1- 3 |  4- 6 |  7- 9 || total
-------------------------+-------+-------+-------++-------
Melee: Rapier            |    83 |   199 |   153 ||   435
       Bite              |    17 |    60 |    53 ||   130
Throw: Throwing net      |       |       |     1 ||     1
Invok: Stomp             |       |       |     1 ||     1
  Use: Scroll            |     1 |       |       ||     1
       Potion            |       |     1 |     1 ||     2
 Stab: Sleeping          |     1 |       |       ||     1
       Invisible         |       |     3 |       ||     3
       Paralysed         |       |       |     2 ||     2
  Eat: Chunk             |     1 |     4 |     4 ||     9
Armor: Leather armour    |    42 |     4 |       ||    46
       Ring mail         |       |    65 |    52 ||   117
Dodge: Dodged            |   105 |   147 |   114 ||   366
